 Dungeon Crawl Stone Soup version 0.29-a0-551-gffc1d7fb78 (webtiles) character file.

Game seed: 9096806719548088434

154 Anon1729 the Cudgeller (level 5, -3/46 HPs)
             Began as a Meteoran Monk on June 5, 2022.
             Slain by a black bear (6 damage)
             ... on level 4 of the Dungeon.
             The game lasted 00:08:09 (1205 turns).

Anon1729 the Cudgeller (Meteoran Monk)              Turns: 1205, Time: 00:08:10

Health: -3/46      AC:  7    Str: 15    XL:     5   Next: 95%
Magic:  6/6        EV: 11    Int: 11    God:
Gold:   146        SH:  0    Dex: 16    Spells: 4/4 levels left

rFire   . . .      SeeInvis .   a - +0 mace
rCold   + . .      Faith    +   (no shield)
rNeg    . . .      Spirit   .   m - +0 scale mail
rPois   .          Reflect  .   (no helmet)
rElec   .          Harm     .   (no cloak)
rCorr   .          Rampage  .   (no gloves)
Will    .....                   k - +0 pair of boots
Stlth   +.........              f - amulet of faith
HPRegen 0.15/turn               d - ring of protection from cold
MPRegen 0.10/turn               (no ring)

@: glowing
A: sense surroundings 1, otherworldly, glowing, explore regen
a: no special abilities


You were on level 4 of the Dungeon.
You visited 1 branch of the dungeon, and saw 4 of its levels.

You collected 146 gold pieces.

Inventory:

Hand Weapons
 a - a +0 mace (weapon)
Missiles
 c - 3 poisoned darts (quivered)
Armour
 b - a +0 robe
 g - a +0 ring mail
 k - a +0 pair of boots (worn)
 m - a +0 scale mail (worn)
Jewellery
 d - a ring of protection from cold (left hand)
 f - an amulet of faith (around neck)
Scrolls
 e - a scroll of torment {unknown}
 h - 2 scrolls of noise
 i - 4 scrolls of identify
 j - a scroll of blinking {unknown}
 l - a scroll of teleportation
 o - a scroll of enchant armour {unknown}
Potions
 n - a potion of curing {unknown}


   Skills:
 + Level 4.2 Fighting
 * Level 6.1 Maces & Flails
 + Level 2.5 Armour
 - Level 3.7 Dodging
 - Level 1.5 Stealth


You had 4 spell levels left.
You didn't know any spells.
Your spell library contained the following spells:

 Spells                   Type           Power      Damage    Failure   Level
 Slow                     Hex            0%         N/A       80%         1
 Confusing Touch          Hex            0%         N/A       99%         3
 Vampiric Draining        Necr           0%         2d6       99%         3


Dungeon Overview and Level Annotations

Branches:
Dungeon (4/15)
 Temple: D:4-7

Altars:

Shops:
D:1 *

Annotations:
D:2 Sigmund


Innate Abilities, Weirdness & Mutations

You passively map a small area around you.
You are easily found by Zot.
You glow in the dark.
You regain HP and MP as you explore.


Message History

You are too injured to fight recklessly!
You are too injured to fight recklessly!
You are too injured to fight recklessly!
You are too injured to fight recklessly!
You are too injured to fight recklessly!
You are too injured to fight recklessly!
You hit the black bear but do no damage.
The black bear is heavily wounded.
The black bear bites you but does no damage.
The black bear barely misses you.
The black bear claws you but does no damage.
You hit the black bear but do no damage.
The black bear is heavily wounded.
The black bear bites you. The black bear claws you. x2
You hit the black bear.
The black bear is heavily wounded.
The black bear misses you.
The black bear claws you but does no damage.
The black bear barely misses you.
You sock the black bear!
The black bear is almost dead.
The black bear goes berserk!
You closely miss the black bear.
The black bear is almost dead.
The black bear bites you but does no damage.
The black bear misses you. The black bear claws you.
* * * LOW HITPOINT WARNING * * *
The black bear closely misses you. The black bear claws you.
* * * LOW HITPOINT WARNING * * *
The black bear claws you but does no damage.
You aren't carrying any items that you can evoke.
Unknown command.
Unknown command.
You barely miss the black bear.
The black bear is almost dead.
The black bear bites you.
* * * LOW HITPOINT WARNING * * *
The black bear claws you but does no damage.
The black bear claws you.
You die...

*####### ......#
########### ......#
#.........# ......# ###
#.........# ......#
..###.........####......#
..'.'.........'.@hw......
,,
..###.........####......#
* ..# #.........#
*####### * ###
########### ##### * * *
#?)o# , #oW.# , , *
########.S.#### , *
.....§.†......+, ,


You could see a black bear (berserk) and a worm.

Vanquished Creatures
  A scorpion (D:4)
  4 gnolls (D:3)
  A shadow imp (D:4)
  3 dart slugs
  2 orcs (D:4)
  4 ball pythons
  2 endoplasms
  2 giant cockroaches (D:3)
  3 goblins
  8 hobgoblins
  7 kobolds
  A quokka (D:3)
  3 frilled lizards
  3 rats (D:1)
44 creatures vanquished.

Notes
Turn   | Place    | Note
-------+----------+-------------------------------------------
     0 | D:1      | Anon1729 the Meteoran Monk began the quest for the Orb.
     0 | D:1      | Reached XP level 1. HP: 19/19 MP: 2/2
    25 | D:1      | Found Dahuj's Assorted Antiques.
    59 | D:1      | Reached XP level 2. HP: 24/26 MP: 3/3
   517 | D:2      | Reached XP level 3. HP: 24/31 MP: 4/4
   548 | D:2      | Noticed Sigmund
   591 | D:3      | Reached skill level 1 in Armour
   758 | D:3      | Reached XP level 4. HP: 34/40 MP: 5/5
   760 | D:3      | Reached skill level 5 in Maces & Flails
   993 | D:3      | Reached XP level 5. HP: 46/46 MP: 6/6
  1110 | D:4      | Reached skill level 6 in Maces & Flails
  1153 | D:4      | Noticed a phantom
  1193 | D:4      | Noticed a black bear
  1205 | D:4      | Slain by a black bear

Illustrated notes

Levels and vault maps discovered:
D:1:      dpeg_arrival_simpleton_c, layout_basic, serial_shops, shop
D:2:      layout_loops_ring, ebering_ecumenical_altar_rust, uniq_sigmund
D:3:      layout_loops_cross, columned_hall_lemuel, bh_walls_and_bars
D:4:      layout_basic, nicolae_overflow_quartered_altars, uniq_pikel

Skill      XL: |  1  2  3  4  5 |
---------------+----------------+-----
Armour         | 1 2 |  2.5
Maces & Flails | 5 6 |  6.1
Fighting       | 4 |  4.2
Dodging        | |  3.7
Stealth        | |  1.5

Action                   |  1- 3 |  4- 6 || total
-------------------------+-------+-------++-------
Melee: Mace              |    52 |    79 ||   131
       Punch             |     1 |     1 ||     2
Throw: Dart              |       |     3 ||     3
  Use: Potion            |       |     1 ||     1
       Scroll            |       |     3 ||     3
Armor: Robe              |     2 |       ||     2
       Ring mail         |    12 |       ||    12
       Scale mail        |     8 |    38 ||    46
Dodge: Dodged            |    25 |    57 ||    82

Table legend: (Time is in decaauts)
 A = Elapsed time spent in this place.
 B = Non-inter-level travel time spent in this place.
 C = Inter-level travel time spent in this place.
 D = Time resting spent in this place.
 E = Time spent auto-exploring this place.
 F = Levels seen in this place.
 G = Mean time per level.
                   A        B        C        D        E       F      G
               +--------+--------+--------+--------+--------+-----+--------+
         Total |   1223 |   1090 |    133 |      0 |     45 |   4 |  305.8 |
       Dungeon |   1223 |   1090 |    133 |      0 |     45 |   4 |  305.8 |
               +--------+--------+--------+--------+--------+-----+--------+

Top non-repeatable levels by time:
     D:3: 518 daAuts
     D:1: 454 daAuts
     D:2: 137 daAuts
     D:4: 113 daAuts
